 Dungeon Crawl Stone Soup version 0.30-a0-49-g1cef19eb02 (webtiles) character file.

Game seed: 14703561196305183427

7760 scionoferis the Carver (level 11, -11/94 HPs)
             Began as a Naga Warper on Sept 2, 2022.
             Was a Believer of Wu Jian.
             Killed by an exploding orc warlord (40 damage)
             ... ignited by their inner flame
             ... in a bailey.
             The game lasted 00:41:47 (8388 turns).

scionoferis the Carver (Naga Warper)                Turns: 8388, Time: 00:41:47

Health: -11/94     AC: 12    Str: 15    XL:     11   Next: 20%
Magic:  11/17      EV: 11    Int: 13    God:    Wu Jian [**....]
Gold:   418        SH:  0    Dex: 14    Spells: 13/18 levels left

rFire   . . .      SeeInvis +    a - +0 dagger (elec)
rCold   . . .      Faith    .    (no shield)
rNeg    . . .      Spirit   .    u - +0 acid dragon scales
rPois   +          Reflect  .    r - +0 helmet
rElec   .          Harm     .    t - +0 cloak
rCorr   +          Rampage  .    (no gloves)
Will    ++...                    (no barding)
Stlth   ++++......               (no amulet)
HPRegen 0.25/turn                p - +4 ring of protection
MPRegen 0.15/turn                b - ring of willpower

@: short of breath, very slow
A: AC +3, large, see invisible, deformed body, poison resistance, slowness 2,
spit poison 1, naga tail 1
a: Spit Poison, Renounce Religion, Wall Jump


You were in a bailey.
You worshipped Wu Jian.
Wu Jian was pleased with you.
You visited 2 branches of the dungeon, and saw 8 of its levels.
You also visited: Bailey.

You collected 418 gold pieces.

Inventory:

Hand Weapons
 a - a +0 dagger of electrocution (weapon)
 y - a +0 scimitar
 z - a +0 sling
 D - a +4 vorpal bardiche
Missiles
 d - 4 boomerangs of dispersal (quivered)
 m - 11 boomerangs
 v - 4 javelins
Armour
 r - a +0 helmet (worn)
 t - a +0 cloak (worn)
 u - +0 acid dragon scales (worn)
Jewellery
 b - a ring of willpower (right hand)
 p - a +4 ring of protection (left hand)
Wands
 x - a wand of flame (3)
Scrolls
 g - 6 scrolls of teleportation
 h - 2 scrolls of amnesia
 i - 3 scrolls of fear
 k - 2 scrolls of butterflies
 n - a scroll of immolation
 q - 2 scrolls of enchant weapon
 w - a scroll of vulnerability
Potions
 e - a potion of might {unknown}
 f - 2 potions of cancellation {unknown}
 l - a potion of heal wounds
 o - a potion of magic {unknown}
 A - a potion of resistance {unknown}


   Skills:
 - Level 5.0 Fighting
 * Level 12.1 Long Blades
 - Level 0.8 Throwing
 - Level 0.7 Armour
 - Level 5.0 Dodging
 - Level 8.7 Stealth
 - Level 4.3 Spellcasting
 - Level 6.4 Translocations
 + Level 5.1 Evocations


You had 13 spell levels left.
You knew the following spells:

 Your Spells              Type           Power      Damage    Failure   Level
a - Blink                 Tloc           38%        N/A       3%          2
b - Lesser Beckoning      Tloc           19%        N/A       6%          3

Your spell library contained the following spells:

 Spells                   Type           Power      Damage    Failure   Level
 Gell's Gravitas          Tloc           19%        N/A       6%          3
 Teleport Other           Tloc           19%        N/A       6%          3
 Ensorcelled Hibernation  Hex/Ice        4%         N/A       38%         2
 Manifold Assault         Tloc           19%        N/A       50%         5
 Dazzling Flash           Conj/Hex       4%         N/A       63%         3
 Animate Dead             Necr           2%         N/A       95%         4
 Blade Hands              Tmut           1%         N/A       100%        5
 Haunt                    Necr/Summ      1%         N/A       100%        7
 Infestation              Necr           1%         N/A       100%        8


Dungeon Overview and Level Annotations

Branches:
Dungeon (7/15)             Temple (1/1) D:5          Bailey (1/1)

Altars:
Cheibriados
Dithmenos
Elyvilon
Fedhas
Gozag
Hepliaklqana
Kikubaaqudgha
Makhleb
Nemelex Xobeh
Okawaru
Qazlal
Ru
Trog
Uskayaw
Wu Jian
Xom
Yredelemnul
Zin
The Shining One

Shops:
D:4 :


Innate Abilities, Weirdness & Mutations

Your serpentine skin is tough. (AC +3)
You have supernaturally acute eyesight. (SInv)
Armour fits poorly on your strangely shaped body.
Your system is resistant to poisons. (rPois)
You cover ground very slowly.
You can spit poison.
You have a snake-like lower body.


Message History

You hear a shout! x3
The orc warlord is engulfed in blazing flames.
Flame seeps out of the orc warlord.
The orc warlord is engulfed in blazing flames.
Flame seeps out of the orc warlord.
Casting: Blink (safe; 3% risk of failure)
Confirm with . or Enter, or press ? or * to list all spells.
You blink.
Aiming: Spit Poison (1% risk of failure)
Press: ? - help, Shift-Dir - straight line, f - orc warlord
Aim: an orc warlord, wielding a +4 battleaxe and wearing a +0 chain mail (almost dead, inner flame, unable to see you, 74% to hit)
The splash of poison misses the orc warlord.
Press: ? - help, v - describe, . - travel
Here: an orc warlord, wielding a +4 battleaxe and wearing a +0 chain mail (almost dead, inner flame, unable to see you)
The floor.
Unknown command.
Unknown command.
Throw: 6 boomerangs (disperse)
Press: ? - help, Q - select action, (/) - cycle Shift-Dir - straight line, f/p - orc warlord
Aim: an orc warlord, wielding a +4 battleaxe and wearing a +0 chain mail (almost dead, inner flame, unable to see you, 68% to hit)
You throw a boomerang of dispersal.
The boomerang of dispersal barely misses the orc warlord.
You flicker back into view.
Throw: 5 boomerangs (disperse)
Press: ? - help, Q - select action, (/) - cycle Shift-Dir - straight line, f/p - orc warlord
Aim: an orc warlord, wielding a +4 battleaxe and wearing a +0 chain mail (almost dead, inner flame, 68% to hit)
You throw a boomerang of dispersal.
The boomerang of dispersal hits the orc warlord but does no damage.
The orc warlord is almost dead.
You feel stable enough to blink again.
You completely miss the orc warlord.
You punch the orc warlord, but do no damage.
The orc warlord is almost dead.
The orc warlord hits you with a +4 battleaxe!
You hit the orc warlord but do no damage.
Lightning courses through the orc warlord!
The Council accepts your kill.
The orc warlord explodes!
The fiery explosion engulfs you!!!
You die...

#..)....# ##.)...##
##)#### ##.....##
#)..§..§#
##..°○○○.##
#.§○.§§§○.# ..
##§.°°☼☼°..## ..#
#§@§○☼☼§☼...###'###
##..○○○☼[).##88.88#
#...☼°☼)..#.......
##.......##.......
#.......'...g....
##.....##........
#######...(.⌠...
##........
#........


There were no monsters in sight!

Vanquished Creatures
  An orc warlord (Bailey)
  An orc knight (Bailey)
  Maggie (D:6)
  Prince Ribbit (D:5)
  Grinder (D:5)
  Sigmund (D:3)
  Eustachio (D:5)
  3 water moccasins
  4 orc warriors (Bailey)
  2 ice beasts
  A sky beast (D:5)
  An ogre (D:4)
  A phantom (D:4)
  Blork the orc (D:5)
  9 scorpions
  3 howler monkeys
  A crimson imp (D:5)
  2 hounds
  4 orc priests
  A gnoll bouda (D:6)
  Crazy Yiuf (D:3)
  2 iguanas (D:4)
  12 gnolls
  8 adders
  An ufetubus (D:4)
  2 worms (D:3)
  5 dart slugs
  21 orcs
  5 ball pythons
  5 bats
  9 endoplasms
  5 giant cockroaches
  17 goblins
  15 hobgoblins
  6 jackals
  12 kobolds
  6 quokkas
  5 frilled lizards
  5 rats
182 creatures vanquished.

Vanquished Creatures (others)
  A hobgoblin (D:4)
  A ball python (D:4)
  A goblin (D:4)
3 creatures vanquished.

Grand Total: 185 creatures vanquished

Notes
Turn   | Place    | Note
-------+----------+-------------------------------------------
     0 | D:1      | scionoferis the Naga Warper began the quest for the Orb.
     0 | D:1      | Reached XP level 1. HP: 19/19 MP: 3/3
   116 | D:1      | Got the Vellum of the Secret Hosts
   238 | D:1      | Reached XP level 2. HP: 22/26 MP: 5/5
   241 | D:1      | Learned a level 2 spell: Blink
   604 | D:1      | Reached XP level 3. HP: 25/33 MP: 6/6
   833 | D:1      | Found a faded altar of an unknown god.
   910 | D:2      | Reached skill level 3 in Long Blades
  1534 | D:2      | Reached XP level 4. HP: 28/40 MP: 7/7
  2406 | D:3      | Reached XP level 5. HP: 48/48 MP: 8/8
  2417 | D:3      | Reached skill level 4 in Long Blades
  2722 | D:3      | Found a runed translucent door.
  2723 | D:3      | Noticed Crazy Yiuf
  2781 | D:3      | Noticed Sigmund
  2820 | D:3      | Killed Sigmund
  2821 | D:3      | Reached XP level 6. HP: 49/56 MP: 9/9
  2991 | D:3      | Killed Crazy Yiuf
  2992 | D:3      | Reached skill level 5 in Long Blades
  3312 | D:3      | Reached XP level 7. HP: 51/63 MP: 10/10
  3597 | D:4      | Found an ancient bone altar of Kikubaaqudgha.
  3651 | D:4      | Reached skill level 6 in Long Blades
  3651 | D:4      | Reached skill level 5 in Translocations
  4076 | D:4      | Found a shimmering altar of Xom.
  4091 | D:4      | Reached skill level 1 in Stealth
  4162 | D:4      | Found Himeatz's Self-Improvement Boutique.
  4266 | D:5      | Entered Level 5 of the Dungeon
  4452 | D:5      | Reached XP level 8. HP: 71/73 MP: 11/11
  4456 | D:5      | Learned a level 3 spell: Lesser Beckoning
  4473 | D:5      | Found a staircase to the Ecumenical Temple.
  4482 | Temple   | Entered the Ecumenical Temple
  4623 | Temple   | Became a worshipper of the Wu Jian Council
  4678 | D:5      | Noticed Grinder
  4684 | D:5      | Killed Grinder
  4685 | D:5      | Reached skill level 5 in Fighting
  4685 | D:5      | Reached skill level 7 in Long Blades
  4689 | D:5      | Noticed Blork the orc
  4707 | D:5      | Killed Blork the orc
  5032 | D:5      | Reached skill level 5 in Stealth
  5150 | D:5      | Reached skill level 1 in Evocations
  5175 | D:5      | Reached skill level 8 in Long Blades
  5239 | D:5      | Noticed Eustachio
  5246 | D:5      | Found a burning altar of Makhleb.
  5263 | D:5      | Killed Eustachio
  5264 | D:5      | Reached XP level 9. HP: 66/81 MP: 12/12
  5514 | D:6      | Noticed Prince Ribbit
  5630 | D:6      | Noticed Maggie
  5661 | D:5      | Killed Prince Ribbit
  5867 | D:5      | Reached skill level 9 in Long Blades
  6223 | D:6      | Killed Maggie
  6223 | D:6      | Reached * piety under Wu Jian
  6451 | D:6      | Found a sacrificial altar of Ru.
  6988 | D:7      | Found a flagged portal.
  7007 | D:7      | Reached skill level 10 in Long Blades
  7226 | Bailey   | Entered a bailey
  7658 | Bailey   | Reached XP level 10. HP: 53/88 MP: 13/13
  7661 | Bailey   | Reached ** piety under Wu Jian
  7959 | Bailey   | Noticed an orc knight
  7976 | Bailey   | Killed an orc knight
  7977 | Bailey   | Reached skill level 5 in Evocations
  8348 | Bailey   | Noticed an orc warlord
  8350 | Bailey   | Reached skill level 12 in Long Blades
  8350 | Bailey   | Reached skill level 5 in Dodging
  8350 | Bailey   | Reached XP level 11. HP: 93/94 MP: 13/17
  8388 | Bailey   | Killed an orc warlord
  8388 | Bailey   | Killed by an exploding orc warlord... ignited by their
                  | inner flame

Illustrated notes

Levels and vault maps discovered:
D:1:      dpeg_arrival_tiny_d, layout_rooms,
          hellmonk_ecumenical_altar_heavens_door, supply_closet_lemuel
D:2:      layout_loops_ring
D:3:      layout_rooms, uniq_crazy_yiuf_cottage, uniq_sigmund
D:4:      layout_layer_cave, xom_confusion_cloud, mainiacjoe_overflow_catwalk,
          nicolae_shop_self_help
D:5:      layout_basic, makhleb_grotto_becter, temple_fountains, st_stairs_14,
          item_on_display_a, uniq_blork_the_orc, uniq_eustachio, uniq_grinder
D:6:      layout_cave_pools, mainiacjoe_overflow_24_doors, minmay_misc_feat_iff,
          uniq_prince_ribbit1, uniq_maggie
D:7:      layout_layer_cave, enter_bailey_7, uniq_joseph
Temple:   regret_index_temple_waves
Bailey:   bailey_axe_minmay_hex_keep, bailey

Skill      XL: |  1  2  3  4  5  6  7  8  9 10 |
---------------+-------------------------------+-----
Long Blades    | 3 4 5 6 8 10 12 | 12.1
Fighting       | 3 4 5 |  5.0
Translocations | 4 5 6 |  6.4
Stealth        | 2 6 8 |  8.7
Evocations     | 1 4 5 |  5.1
Dodging        | 3 5 |  5.0
Spellcasting   | 4 |  4.3
Throwing       | |  0.8
Armour         | |  0.7

Action                   |  1- 3 |  4- 6 |  7- 9 | 10-12 || total
-------------------------+-------+-------+-------+-------++-------
Melee: Falchion          |    17 |       |       |       ||    17
       Dagger            |    68 |   177 |   395 |    68 ||   708
       Whip              |    11 |       |       |       ||    11
       Punch             |     1 |     2 |     8 |     2 ||    13
       Scimitar          |       |       |     5 |       ||     5
Throw: Dart              |     3 |     3 |    19 |     2 ||    27
       Boomerang         |       |     9 |    19 |     7 ||    35
       Javelin           |       |       |     6 |       ||     6
       Throwing net      |       |       |     1 |       ||     1
 Cast: Blink             |     1 |       |     3 |     4 ||     8
Invok: Lunge             |       |       |    15 |     6 ||    21
       Whirlwind         |       |       |    11 |     3 ||    14
 Abil: Spit Poison       |    13 |    28 |    40 |    13 ||    94
Evoke: Wand              |       |       |     5 |     3 ||     8
  Use: Scroll            |       |     6 |     3 |     3 ||    12
       Potion            |       |     2 |     2 |     9 ||    13
 Stab: Sleeping          |       |       |     6 |       ||     6
       Held in net/web   |       |       |     3 |       ||     3
       Invisible         |       |       |     2 |     3 ||     5
       Distracted        |       |       |     1 |       ||     1
Armor: Leather armour    |    20 |    92 |    94 |       ||   206
       Acid dragon scale |       |       |    29 |     8 ||    37
Dodge: Dodged            |    44 |   100 |   144 |     9 ||   297

Table legend: (Time is in decaauts)
 A = Elapsed time spent in this place.
 B = Non-inter-level travel time spent in this place.
 C = Inter-level travel time spent in this place.
 D = Time resting spent in this place.
 E = Time spent auto-exploring this place.
 F = Levels seen in this place.
 G = Mean time per level.
                   A        B        C        D        E       F      G
               +--------+--------+--------+--------+--------+-----+--------+
         Total |   9600 |   9368 |    232 |   2826 |   4196 |   9 | 1066.7 |
       Dungeon |   8129 |   7945 |    184 |   2211 |   4047 |   7 | 1161.3 |
        Temple |    217 |    170 |     47 |      0 |    149 |   1 |  217.0 |
        Bailey |   1253 |   1253 |      0 |    615 |      0 |   1 | 1253.0 |
               +--------+--------+--------+--------+--------+-----+--------+

Top non-repeatable levels by time:
     D:5: 1982 daAuts
     D:3: 1554 daAuts
     D:1: 1270 daAuts
     D:2: 1253 daAuts
  Bailey: 1253 daAuts
     D:6: 939 daAuts
     D:4: 820 daAuts
     D:7: 306 daAuts
  Temple: 217 daAuts
